 Dungeon Crawl Stone Soup version 0.31-a0-1616-gbeaec30b81 (webtiles) character file.

Game seed: 8684764055131746232

15974 voltaire321 the Fighter (level 12, 0/96 HPs)
             Began as a Demonspawn Gladiator on Jan 10, 2024.
             Was a Believer of Makhleb.
             Killed from afar by a cacodemon (24 damage)
             ... with a bolt of devastation
             ... on level 2 of the Abyss.
             The game lasted 00:31:06 (8628 turns).

voltaire321 the Fighter (Demonspawn Gladiator)      Turns: 8628, Time: 00:31:07

Health: 0/96       AC: 33    Str: 19    XL:     12   Next: 6%
Magic:  16/16      EV: 18    Int: 13    God:    Makhleb [**....]
Gold:   522        SH:  0    Dex: 13    Spells: 11/11 levels left

rFire   . . .        q - +5 woodcutter's axe
rCold   . . .        (shield currently unavailable)
rNeg    + + +        L - +6 scale mail of Tarphih {rElec rN+ Int+6 Dex-3}
rPois   +            c - +0 helmet
rElec   +            b - +2 ratskin cloak {*Rats rPois rN+ Str-1 Int-1 Dex+1}
rCorr   .            N - +0 pair of gloves {Stlth+}
SInv    .            M - +3 pair of seven-league boots {Rampage+∞}
Will    .....        B - amulet of regeneration
Stlth   +            G - +5 ring of evasion
HPRegen 1.16/turn    J - ring of positive energy
MPRegen 0.30/turn

%: rampage+∞
@: weak-willed, sanguine armoured
A: claws 2, demonic guardian 2, magic regeneration, sanguine armour 2
a: Renounce Religion, Minor Destruction


You were on level 2 of the Abyss.
You worshipped Makhleb.
Makhleb was pleased with you.
You visited 2 branches of the dungeon, and saw 12 of its levels.
You visited the Abyss 1 time.
You also visited: Bailey.

You collected 522 gold pieces.

Inventory:

Hand Weapons
 a - a +0 war axe
 q - the +5 woodcutter's axe (weapon)
   (You took it off a hobgoblin on level 2 of the Dungeon)
Missiles
 d - 3 throwing nets
 e - a javelin
 x - a curare-tipped dart (quivered)
Armour
 b - the +2 ratskin cloak (worn) {*Rats rPois rN+ Str-1 Int-1 Dex+1}
   (You found it on level 5 of the Dungeon)

   *Rats:     When the wearer is hurt, rats may emerge from it to assist them.
   Str-1:     It affects your strength (-1).
   Int-1:     It affects your intelligence (-1).
   Dex+1:     It affects your dexterity (+1).
   rPois:     It protects you from poison rN+: It protects you from negative
   energy.
 c - a +0 helmet (worn)
 D - a +1 hat
 L - the +6 scale mail of Tarphih (worn) {rElec rN+ Int+6 Dex-3}
   (You found it in a bailey)

   Int+6:     It affects your intelligence (+6).
   Dex-3:     It affects your dexterity (-3).
   rElec:     It insulates you from electricity.
   rN+:       It protects you from negative energy.
 M - the +3 pair of seven-league boots (worn) {Rampage+∞}
   (You found it in a bailey)

   Rampage+∞: When moving toward enemies, its wearer moves as far as possible,
   alerting their target en route.
 N - a +0 pair of gloves of stealth (worn)
Jewellery
 p - a ring of fire
 B - an amulet of regeneration (around neck)
 F - a ring of flight
 G - a +5 ring of evasion (left hand)
 J - a ring of positive energy (right hand)
Wands
 o - a wand of roots (20)
 y - a wand of paralysis (28)
Scrolls
 f - a scroll of poison {unknown}
 g - 2 scrolls of revelation {unknown}
 h - 3 scrolls of noise {unknown}
 i - 6 scrolls of teleportation {unknown}
 k - a scroll of identify
 m - a scroll of enchant weapon {unknown}
 u - a scroll of fog {unknown}
 v - 5 scrolls of amnesia {unknown}
 C - a scroll of enchant armour {unknown}
 H - a scroll of immolation {unknown}
 I - a scroll of blinking {unknown}
Potions
 j - a potion of enlightenment {unknown}
 l - 2 potions of invisibility {unknown}
 n - 4 potions of curing
 r - 2 potions of might
 t - 2 potions of mutation {unknown}
 z - 3 potions of heal wounds
 A - 2 potions of resistance
 E - a potion of lignification {unknown}
 K - a potion of magic {unknown}


   Skills:
 + Level 9.5 Fighting
 + Level 9.0 Axes
 - Level 2.0 Throwing
 + Level 8.4 Armour
 + Level 9.0 Dodging
 + Level 5.6 Invocations
 + Level 5.9 Evocations


You had 11 spell levels left.
You didn't know any spells.
Your spell library contained the following spells:

 Spells                   Type           Power      Damage    Failure   Level
 Jinxbite                 Hex            0%         N/A       75%         2
 Dazzling Flash           Conj/Hex       0%         N/A       93%         3
 Inner Flame              Hex/Fire       0%         N/A       93%         3
 Stone Arrow              Conj/Erth      0%         3d7       93%         3
 Volatile Blastmotes      Fire/Tloc      0%         2d10      93%         3
 Animate Armour           Summ/Erth      0%         N/A       100%        4
 Flame Wave               Conj/Fire      0%         2d4       100%        4
 Sticky Flame             Fire/Alch      0%         2d4       100%        4
 Summon Forest            Summ/Tloc      0%         N/A       100%        5
 Summon Mana Viper        Hex/Summ       0%         N/A       100%        5
 Yara's Violent Unravell  Hex/Alch       0%         3d3       100%        5
 Starburst                Conj/Fire      0%         6d3       100%        6
 Summon Cactus Giant      Summ           0%         N/A       100%        6
 Enfeeble                 Hex            0%         N/A       100%        7
 Haunt                    Necr/Summ      0%         N/A       100%        7
 Borgnjor's Revivificati  Necr           0%         N/A       100%        8
 Lehudib's Crystal Spear  Conj/Erth      0%         10d2      100%        8
 Maxwell's Capacitive Co  Air            0%         ∞         100%        8
 Death's Door             Necr           0%         N/A       100%        9


Dungeon Overview and Level Annotations

Branches:
Dungeon (11/15)            Temple (1/1) D:4            Lair (0/5) D:8
    Orc (0/2) D:10         Bailey (visited)

Altars:
Ashenzari
Cheibriados
Dithmenos
Fedhas
Gozag
Hepliaklqana
Kikubaaqudgha
Makhleb
Nemelex Xobeh
Okawaru
Qazlal
Ru
Sif Muna
Trog
Uskayaw
Vehumet
Wu Jian
Xom
Yredelemnul

Shops:
D:4 :

Annotations:
D:11 Sonja


Innate Abilities, Weirdness & Mutations

You have very sharp fingernails.
A demonic guardian rushes to your aid.
You regenerate magic rapidly.
When seriously injured, your blood forms thick armour. (AC +9)


Message History

You feel better.
You have reached level 12!
You feel agile.
Your demonic ancestry asserts itself...
Your fingernails sharpen.
You slice the wretched star!!
The wretched star is heavily damaged.
You hit the wretched star.
The wretched star is heavily damaged.
Your river rat bites the wretched star.
You hit the wretched star but do no damage.
The wretched star is heavily damaged.
Your river rat barely misses the wretched star.
You slash the wretched star!
The wretched star is severely damaged.
Your river rat bites the wretched star but does no damage.
You slash the wretched star!
You destroy the wretched star!
Makhleb accepts your kill.
Your Axes skill increases to level 9!
Your Dodging skill increases to level 9!
Your blood armour dries and flakes away.
Your river rat seems to regain its courage.
A cacodemon comes into view.
The cacodemon shouts!
The cacodemon gestures at you. The bolt of devastation hits you!!
Your willpower is stripped away!
A demonic guardian appears!
Your blood congeals into armour.
Your river rat returns to the shadows of the Dungeon!
You slash the cacodemon!
The cacodemon is lightly wounded.
The cacodemon gestures at you. The bolt of devastation hits you!!
* * * LOW HITPOINT WARNING * * *
A hell rat scurries out from under your cloak.
You slash the cacodemon!
The cacodemon is moderately wounded.
Your hell rat barely misses the cacodemon.
The cacodemon gestures at you. The bolt of devastation hits you!!
You die...

.# ... ## ##.. #.
...#..###r ....##..2#
#.... #@## #...##4.#
# # ## #...#..# ..
#.####.....## ..
#...#...##.#
##.###...#...##.#
#.....#.##..#.# #
##..#....###.########
#... ...... #.#.#.#.


You could see a cacodemon (ally target), a friendly rust devil (summoned) and a
friendly hell rat.

Vanquished Creatures
  An Executioner (Abyss:2)
  Erica (D:8)
  4 two-headed ogres
  A wretched star (Abyss:2)
  A large abomination (Abyss:2)
  Pikel (D:5)
  A glowing orange brain (Abyss:2)
  Joseph (D:8)
  A smoke demon (Abyss:2)
  A gargoyle (Bailey)
  A kobold demonologist (D:10)
  An ancient zyme (Abyss:2)
  2 hornets
  A wraith (D:9)
  A vampire (Bailey)
  6 yaks (D:7)
  Grum (D:10)
  3 steam dragons
  2 acid dragons
  A black bear (D:7)
  An ice beast (D:6)
  A sky beast (D:7)
  5 orc warriors
  A hornet zombie (D:6)
  5 centaurs
  5 wolves
  9 kobold brigands
  2 lemures (D:5)
  A phantom (D:6)
  A bullfrog (D:9)
  6 scorpions
  A gnoll sergeant (D:8)
  A water moccasin zombie (D:6)
  A wyvern zombie (D:6)
  A burial acolyte (D:6)
  9 wights
  A water moccasin skeleton (D:6)
  8 vampire bats (Bailey)
  5 howler monkeys
  9 wolf zombies (Bailey)
  A centaur zombie (D:6)
  A human zombie (D:6)
  An iron imp (Abyss:2)
  2 jellies
  6 orc priests
  2 hounds
  A sleepcap (D:4)
  A centaur skeleton (D:6)
  2 gnoll boudas
  8 orc wizards
  3 iguanas
  3 hell rats (D:5)
  2 killer bee zombies (D:6)
  A howler monkey zombie (D:6)
  17 gnolls
  18 river rats (D:5)
  9 adders
  2 white imps
  4 ribbon worms
  27 orcs
  7 ball pythons
  8 bats
  6 endoplasms
  5 giant cockroaches
  8 hobgoblins
  8 jackals
  50 kobolds
  2 quokkas (D:4)
  4 frilled lizards
  3 goblins
  21 orc zombies (Bailey)
  5 rats
343 creatures vanquished.

Vanquished Creatures (collateral kills)
  A large abomination (Abyss:2)
  A wyvern (D:9)
  A wolf (D:8)
  A bullfrog zombie (D:6)
4 creatures vanquished.

Grand Total: 347 creatures vanquished

Notes
Turn   | Place    | Note
-------+----------+-------------------------------------------
     0 | D:1      | voltaire321 the Demonspawn Gladiator began the quest for
                  | the Orb.
     0 | D:1      | Reached XP level 1. HP: 16/16 MP: 1/1
   122 | D:1      | Gained mutation: When seriously injured, your blood forms
                  | armour. (AC +9) [demonic ancestry]
   122 | D:1      | Reached XP level 2. HP: 19/22 MP: 2/2
  1038 | D:2      | Reached XP level 3. HP: 22/28 MP: 3/3
  1043 | D:2      | Reached skill level 1 in Armour
  1211 | D:2      | Found a faded altar of an unknown god.
  1220 | D:2      | Reached XP level 4. HP: 33/34 MP: 4/4
  1543 | D:2      | Identified the +5 dagger "Ejiskez" {heavy, Fly rC- rCorr}
  1628 | D:3      | Found a broken altar of Ashenzari.
  2168 | D:4      | Found Tauluat's Vocational Training.
  2223 | D:4      | Noticed a centaur
  2332 | D:4      | Found a staircase to the Ecumenical Temple.
  2345 | D:4      | Gained mutation: A weak demonic guardian rushes to your
                  | aid. [demonic ancestry]
  2345 | D:4      | Reached XP level 5. HP: 37/41 MP: 5/5
  2359 | Temple   | Entered the Ecumenical Temple
  2548 | D:4      | Reached skill level 1 in Evocations
  2578 | D:4      | Killed a centaur
  2579 | D:4      | Reached XP level 6. HP: 32/47 MP: 6/6
  2897 | D:5      | Entered Level 5 of the Dungeon
  2904 | D:5      | Noticed Pikel
  3479 | D:5      | Gained mutation: When seriously injured, your blood forms
                  | thick armour. (AC +9) [demonic ancestry]
  3479 | D:5      | Reached XP level 7. HP: 53/53 MP: 7/7
  3568 | D:5      | Found the +2 ratskin cloak {*Rats rPois rN+ Str-1 Int-1
                  | Dex+1}
  3661 | D:5      | Killed Pikel
  3662 | D:5      | Gained mutation: You regenerate magic rapidly. [demonic
                  | ancestry]
  3662 | D:5      | Reached XP level 8. HP: 42/61 MP: 8/8
  3732 | D:5      | Reached skill level 5 in Axes
  3765 | D:5      | Reached skill level 5 in Dodging
  3768 | D:5      | Reached skill level 5 in Fighting
  4147 | D:6      | Noticed a +3 dagger
  4147 | D:6      | Noticed a +0 dagger
  4149 | D:6      | Found a hide-covered altar of Uskayaw.
  4488 | D:6      | Gained mutation: You have sharp fingernails. [demonic
                  | ancestry]
  4488 | D:6      | Reached XP level 9. HP: 68/68 MP: 9/9
  4804 | D:6      | Reached skill level 5 in Evocations
  4804 | D:6      | Found an ancient bone altar of Kikubaaqudgha.
  4815 | D:6      | Reached skill level 5 in Armour
  5176 | D:7      | Noticed a two-headed ogre
  5189 | D:7      | Killed a two-headed ogre
  5262 | D:7      | Reached XP level 10. HP: 79/79 MP: 10/10
  5600 | D:8      | Noticed Erica
  5615 | D:8      | HP: 3/79 [something (2)]
  5621 | D:8      | Killed Erica
  5783 | D:8      | Found a sparkling altar of Nemelex Xobeh.
  5875 | D:8      | Noticed Joseph
  6073 | D:8      | Found a staircase to the Lair.
  6168 | D:8      | Killed Joseph
  6174 | D:8      | Found an iron altar of Okawaru.
  6215 | D:8      | Found a stormy altar of Qazlal.
  6219 | D:8      | Found a hazy altar of Hepliaklqana.
  6220 | D:8      | Found a burning altar of Makhleb.
  6224 | D:8      | Became a worshipper of Makhleb the Destroyer
  6312 | D:8      | Found a flagged portal.
  6321 | Bailey   | Entered a bailey
  6435 | Bailey   | Noticed a gargoyle
  6446 | Bailey   | Killed a gargoyle
  6484 | Bailey   | Reached skill level 1 in Invocations
  6495 | Bailey   | Found the +3 pair of seven-league boots {Rampage+∞}
  6501 | Bailey   | Identified the +6 scale mail of Tarphih {rElec rN+ Int+6
                  | Dex-3}
  6552 | Bailey   | Gained mutation: A demonic guardian rushes to your aid.
                  | [demonic ancestry]
  6552 | Bailey   | Reached XP level 11. HP: 87/87 MP: 11/11
  6554 | Bailey   | Reached * piety under Makhleb
  6685 | D:8      | Identified the +0 halberd of the Boiling Point {freeze,
                  | Int+5}
  6813 | D:8      | Found a sacrificial altar of Ru.
  7291 | D:9      | Reached ** piety under Makhleb
  7557 | D:9      | Noticed a two-headed ogre
  7576 | D:9      | Killed a two-headed ogre
  7647 | D:10     | Entered Level 10 of the Dungeon
  7647 | D:10     | Noticed Grum
  7652 | D:10     | Killed Grum
  7965 | D:10     | Noticed a two-headed ogre
  7980 | D:10     | Killed a two-headed ogre
  8174 | D:10     | Found a staircase to the Orcish Mines.
  8338 | D:11     | Noticed a two-headed ogre
  8343 | D:11     | Killed a two-headed ogre
  8362 | D:11     | Noticed Sonja
  8368 | Abyss:2  | Cast into level 2 of the Abyss (Sonja)
  8375 | Abyss:2  | Noticed an Executioner
  8382 | Abyss:2  | Noticed a large abomination
  8389 | Abyss:2  | Killed an Executioner
  8390 | Abyss:2  | Reached skill level 5 in Invocations
  8399 | Abyss:2  | Killed a large abomination
  8478 | Abyss:2  | Noticed a large abomination
  8481 | Abyss:2  | Killed a large abomination
  8586 | Abyss:2  | Noticed a wretched star
  8587 | Abyss:2  | Noticed a glowing orange brain
  8590 | Abyss:2  | Noticed a starcursed mass
  8594 | Abyss:2  | Killed a glowing orange brain
  8595 | Abyss:2  | Gained mutation: You have very sharp fingernails. [demonic
                  | ancestry]
  8595 | Abyss:2  | Reached XP level 12. HP: 49/96 MP: 16/16
  8624 | Abyss:2  | Noticed a cacodemon
  8628 | Abyss:2  | Killed from afar by a cacodemon

Illustrated notes

Levels and vault maps discovered:
D:1:      dpeg_arrival_oval, layout_basic
D:2:      layout_basic, ebering_ecumenical_altar_petrified, basic_altar,
          minmay_pentomino_t4
D:3:      layout_rooms, amcnicky_altar_gilded, minmay_misc_feat_square,
          skrybe_limestone_x
D:4:      layout_gridville, good_gods_temple_1, minmay_temple_entry_trees,
          serial_bayou_pond_d, nicolae_shop_vocational
D:5:      wander_guarded_unrand_ratskin, layout_layer_cave, uniq_pikel
D:6:      layout_basic, dancing_weapons_uskayaw,
          lemuel_mausoleum_altar_kikubaaqudgha, nicolae_water_bricks
D:7:      layout_rooms
D:8:      layout_cave_pods, minitemple, nemelex_xobeh_ov_fountains_minmay,
          nicolae_ru_the_path_less_chosen, erik_lair_orcish_takeover,
          enter_bailey_2, uniq_joseph, uniq_erica
D:9:      layout_rooms
D:10:     layout_loops_ring, orc_0_dummy, uniq_grum
D:11:     layout_roguey, uniq_gastronok, uniq_sonja
Temple:   dpeg_chambers_temple
Abyss:2:  base: D:6, minivault_13, minivault_25_ag, patterned_corridor,
          minivault_28

Skill      XL: |  1  2  3  4  5  6  7  8  9 10 11 12 |
---------------+-------------------------------------+-----
Throwing       | 2 |  2.0
Axes           | 3 4 5 6 8 9 |  9.0
Dodging        | 3 4 5 6 7 8 9 |  9.0
Armour         | 1 2 3 4 5 7 8 |  8.4
Fighting       | 3 4 5 7 8 9 |  9.5
Evocations     | 1 2 3 4 5 |  5.9
Invocations    | 1 5 |  5.6

Action                     |  1- 3 |  4- 6 |  7- 9 | 10-12 || total
---------------------------+-------+-------+-------+-------++-------
  Melee: War axe           |    78 |       |       |       ||    78
         Battleaxe         |    11 |   138 |   262 |   451 ||   862
         Punch             |     1 |       |       |       ||     1
  Throw: Boomerang         |       |       |    23 |       ||    23
         Dart              |       |       |     1 |     3 ||     4
  Evoke: Wand              |       |       |     2 |     1 ||     3
    Use: Scroll            |       |     4 |     1 |       ||     5
         Potion            |       |       |     1 |     4 ||     5
   Stab: Sleeping          |     2 |     1 |       |       ||     3
         Distracted        |       |       |       |     1 ||     1
 Armour: Leather armour    |    72 |    76 |       |       ||   148
         Chain mail        |       |     7 |   169 |   158 ||   334
         Scale mail        |       |       |       |   224 ||   224
  Dodge: Dodged            |    85 |   103 |   142 |   486 ||   816

Table legend: (Time is in decaauts)
 A = Elapsed time spent in this place.
 B = Non-inter-level travel time spent in this place.
 C = Inter-level travel time spent in this place.
 D = Time resting spent in this place.
 E = Time spent auto-exploring this place.
 F = Levels seen in this place.
 G = Mean time per level.
                   A        B        C        D        E       F      G
               +--------+--------+--------+--------+--------+-----+--------+
         Total |   8662 |   7944 |    718 |    275 |   5032 |  14 |  618.7 |
       Dungeon |   7964 |   7314 |    650 |    260 |   4868 |  11 |  724.0 |
        Temple |     71 |      3 |     68 |      0 |      0 |   1 |   71.0 |
         Abyss |    263 |    263 |      0 |      0 |    100 |   1 |  263.0 |
        Bailey |    362 |    362 |      0 |     15 |     64 |   1 |  362.0 |
               +--------+--------+--------+--------+--------+-----+--------+

Top non-repeatable levels by time:
     D:5: 1199 daAuts
     D:8: 1197 daAuts
     D:1: 1003 daAuts
     D:6: 905 daAuts
     D:4: 738 daAuts
    D:10: 690 daAuts
     D:2: 611 daAuts
     D:7: 587 daAuts
     D:3: 518 daAuts
     D:9: 481 daAuts
  Bailey: 362 daAuts
 Abyss:2: 263 daAuts
  Temple: 71 daAuts
    D:11: 30 daAuts
